 Dungeon Crawl Stone Soup version 0.30-a0-557-ge2afbf3030 (webtiles) character file.

Game seed: 532072341803801349

146899 Jackthecabe the Gelid (level 16, -4/141 HPs)
             Began as a Demigod Conjurer on Dec 25, 2022.
             Slain by a spriggan berserker
             ... wielding a +0 rapier
              (24 damage)
             ... on level 3 of the Swamp on Dec 27, 2022.
             The game lasted 01:33:17 (49405 turns).

Jackthecabe the Gelid (Demigod Conjurer)           Turns: 49405, Time: 01:33:17

Health: -4/141     AC: 16    Str:  8    XL:     16   Next: 37%
Magic:  27/32      EV: 20    Int: 40    God:
Gold:   3331       SH:  0    Dex: 12    Spells: 5/31 levels left

rFire   + . .      SeeInvis .    S - staff of poison {!a}
rCold   + . .      Faith    .    (no shield)
rNeg    . . .      Spirit   .    Q - +2 robe {rC+}
rPois   +          Reflect  .    G - +2 helmet
rElec   .          Harm     .    U - +0 cloak {rF+}
rCorr   .          Rampage  .    H - +2 pair of gloves
Will    ++...                    Z - +2 pair of boots
Stlth   ++                       j - amulet of the acrobat
HPRegen 0.43/turn                W - ring of willpower
MPRegen 0.23/turn                E - +4 ring of evasion

@: no status effects
A: high MP 1, forlorn, divine attributes
a: no special abilities


You were on level 3 of the Swamp.
You visited 4 branches of the dungeon, and saw 25 of its levels.
You also visited: Ossuary, Ice Cave and Volcano.

You collected 3331 gold pieces.


Innate Abilities, Weirdness & Mutations

You have an increased reservoir of magic. (+10% MP)
You shall have no god before yourself.
Your divine heritage dramatically boosts your attributes as you level up.


   Skills:
 + Level 12.7 Fighting
 - Level 10.0 Armour
 - Level 10.0 Dodging
 - Level 1.7 Stealth
 - Level 5.0 Shields
 - Level 8.0 Spellcasting
 - Level 8.0 Conjurations
 - Level 6.0 Translocations
 - Level 16.0 Ice Magic
 - Level 6.0 Poison Magic
 - Level 4.0 Evocations


You had 5 spell levels left.
You knew the following spells:

 Your Spells              Type           Power      Damage    Failure   Level
c - Ozocubu's Refrigerat  Ice            48%        4d18      2%          7
f - Freezing Cloud        Conj/Ice/Air   34%        6-21      2%          5
i - Swiftness             Air            16%        N/A       6%          3
m - Magic Dart            Conj           100%       1d8       1%          1
o - Olgreb's Toxic Radia  Pois           77%        N/A       1%          4
s - Searing Ray           Conj           100%       2d8       1%          2
X - Iskenderun's Mystic   Conj/Tloc      64%        2d13      1%          4

Your spell library contained the following spells:

 Spells                   Type           Power      Damage    Failure   Level
 Ozocubu's Armour         Ice            97%        N/A       0%          3
 Sting                    Tmut/Pois      100%       1d8       1%          1
 Ensorcelled Hibernation  Hex/Ice        100%       N/A       1%          2
 Poisonous Vapours        Pois/Air       100%       N/A       1%          2
 Dazzling Flash           Conj/Hex       96%        N/A       1%          3
 Mephitic Cloud           Conj/Pois/Air  68%        N/A       1%          3
 Portal Projectile        Hex/Tloc       80%        N/A       1%          3
 Summon Small Mammal      Summ           64%        N/A       2%          1
 Call Imp                 Summ           16%        N/A       3%          2
 Passwall                 Tmut/Erth      13%        N/A       3%          2
 Flame Wave               Conj/Fire      48%        2d12      4%          4
 Fulminant Prism          Conj/Hex       24%        3d12      4%          4
 Sticky Flame             Conj/Fire      48%        2d7       4%          4
 Call Canine Familiar     Summ           16%        N/A       6%          3
 Inner Flame              Hex/Fire       16%        N/A       6%          3
 Summon Guardian Golem    Hex/Summ       16%        N/A       6%          3
 Cause Fear               Hex            8%         N/A       22%         4
 Leda's Liquefaction      Hex/Erth       8%         N/A       22%         4
 Summon Lightning Spire   Summ/Air       16%        N/A       22%         4
 Simulacrum               Ice/Necr       34%        N/A       12%         6
 Polar Vortex             Ice            48%        N/A       97%         9
 Dragon Form              Tmut           8%         N/A       100%        7
 Storm Form               Tmut/Air       8%         N/A       100%        7
 Maxwell's Capacitive Co  Air            8%         ∞         100%        8
 Dragon's Call            Summ           8%         N/A       100%        9

Inventory:

Hand Weapons
 V - a +2 quick blade of flaming
Missiles
 n - 10 curare-tipped darts {=f}
 o - a throwing net {=f}
Armour
 D - a +0 buckler
 G - a +2 helmet (worn)
 H - a +2 pair of gloves (worn)
 Q - a +2 robe of cold resistance (worn)
 U - a +0 cloak of fire resistance (worn)
 Z - a +2 pair of boots (worn)
Magical Staves
 S - a staff of poison (weapon) {!a}
Jewellery
 j - an amulet of the acrobat (around neck)
 C - a ring of ice
 E - a +4 ring of evasion (right hand)
 F - a ring of fire
 W - a ring of willpower (left hand)
Wands
 e - a wand of charming (12)
 p - a wand of digging (2)
 u - a wand of flame (56)
 x - a wand of polymorph (10)
 A - a wand of roots (20)
 I - a wand of quicksilver (2)
Scrolls
 c - 5 scrolls of fear
 f - 4 scrolls of brand weapon
 h - 2 scrolls of enchant armour
 i - 2 scrolls of blinking
 k - a scroll of magic mapping
 q - 9 scrolls of teleportation {@r2}
 s - 2 scrolls of amnesia
 t - 7 scrolls of fog
 w - a scroll of silence {!r}
 y - 2 scrolls of butterflies
 z - 4 scrolls of enchant weapon
 L - 3 scrolls of vulnerability
 R - 7 scrolls of immolation
 X - 3 scrolls of poison
Potions
 a - 3 potions of brilliance
 b - 3 potions of magic
 d - a potion of haste {@q3}
 g - 3 potions of ambrosia
 l - 8 potions of mutation
 m - 9 potions of heal wounds {@q2}
 r - 14 potions of curing {@q1}
 v - 5 potions of lignification
 B - 3 potions of degeneration {unknown}
 J - a potion of cancellation
 M - a potion of resistance
 O - 3 potions of might
 P - 2 potions of invisibility
 T - 3 potions of berserk rage {!q}
 Y - a potion of attraction
Miscellaneous
 K - a lightning rod (4/4)

Dungeon Overview and Level Annotations

Branches:
Dungeon (15/15)            Temple (0/1) D:6            Lair (5/5) D:8
  Swamp (3/4) Lair:3       Spider (0/4) Lair:2        Slime (0/5) Lair:5
    Orc (2/2) D:9             Elf (0/3) Orc:2        Vaults (0/5) D:14
 Depths (0/4) D:15        Ossuary (visited)           IceCv (visited)
Volcano (visited)

Shops:
D:5 *   Orc:2 (([[

Annotations:
D:10 exclusion: obsidian statue
D:12 1 runed translucent door, whiskeysaurus's ghost, journeyman DrFE
D:13 2 transporters, jejorda2's ghost, journeyman MfBe
Lair:5 2 transporters, 1 runed translucent door, exclusion: oklob plant, CowFu's ghost, journeyman TeFi

♣♣>.. ♣♣♣ ♣♣♣♣♣ ♣♣.~§~ ♣♣.♣♣
♣♣~.~♣♣ ♣♣~.~~~ ♣~~.♣
♣♣..~~.♣♣♣♣...~~~ ♣♣♣.♣♣♣
♣♣♣♣♣.~~~~~.♣♣.~.~~.. ♣.....♣♣
♣♣.<...§~~~~.~~~~♣.~~. .......♣♣♣
♣..~~...~§~~..[♣♣.~~~.
.~~♣♣~~♣.♣♣♣♣..§....~~§~.§..~~~~.
..~.♣~....♣ ♣~~~@~~..~§.~~~~~~~~~
.....~..~♣♣ ♣.§§~i♣....~~~§~~~~~~
.~~~.~.~.♣ ♣.~~~~(..~.~~~§~§~~~~
.~~~.~.~~♣♣♣♣.~.~....>~~~~~~~~~~~
~......~..♣.♣..♣♣~...~§~~.§~~~~~~
~...~~~.~♣~....♣♣§~~.~....~~~~~~~
~~.~~....♣♣.♣.♣♣§.~~[♣♣♣.~~§~~§~~
..~§.§.........♣♣♣..♣♣ ♣♣.~~.~~~~
.~.~~...........♣♣.~.♣ ♣♣.~~~~~~


You could see a spriggan berserker (berserk).


Message History

Press: ? - help, Shift-Dir - straight line, f/p - spriggan berserker
Aim: a spriggan berserker, wielding a +0 rapier and wearing a +0 robe (heavily wounded, berserk)
The roots erupt in riotous growth!
Roots grab the spriggan berserker.
The grasping roots constrict the spriggan berserker!
You hear a roar!
The spriggan berserker closely misses you.
The spriggan berserker splashes around in the water.
The grasping roots constrict the spriggan berserker.
The spriggan berserker rages.
The spriggan berserker struggles to escape constriction.
The grasping roots constrict the spriggan berserker!
The roots release their grip on the spriggan berserker.
Casting: Iskenderun's Mystic Blast (mildly dangerous; 1% risk of failure)
Confirm with . or Enter, or press ? or * to list all spells.
The heat is drained from your surroundings.
The spriggan berserker is almost dead.
The spriggan berserker hits you with a +0 rapier!!
* * * LOW HITPOINT WARNING * * *
The spriggan berserker completely misses you.
Okay, then.
Blink to where?
Press: ? - help, Dir - move target, p - spriggan berserker Splash!
You fall into the shallow water.
Moving in this stuff is going to be slow.
As you read the scroll of blinking, it crumbles to dust.
Magic courses through your body.
The spriggan berserker hits you with a +0 rapier!!
You die...

Skill      XL: |  1  2  3  4  5  6  7  8  9 10 11 12 13 14 15 16 |
---------------+-------------------------------------------------+-----
Spellcasting   | 2 3 5 6 8 |  8.0
Conjurations   | 4 5 6 7 8 |  8.0
Translocations | 1 2 4 6 |  6.0
Poison Magic   | 3 6 |  6.0
Fighting       | 2 6 7 8 10 12 | 12.7
Dodging        | 4 5 7 10 | 10.0
Ice Magic      | 5 10 12 14 16 | 16.0
Evocations     | 2 4 |  4.0
Armour         | 10 | 10.0
Shields        | 5 |  5.0
Stealth        | |  1.7

Action                   |  1- 3 |  4- 6 |  7- 9 | 10-12 | 13-15 | 16-18 || total
-------------------------+-------+-------+-------+-------+-------+-------++-------
Melee: Unarmed           |       |     6 |       |       |       |       ||     6
       Dagger            |       |       |    17 |    48 |    85 |       ||   150
       Punch             |       |       |       |       |     1 |       ||     1
Throw: Dart              |       |       |       |     1 |     1 |       ||     2
 Cast: Magic Dart        |    84 |    84 |   149 |   254 |    81 |     1 ||   653
       Searing Ray       |     4 |    16 |    44 |    29 |     5 |       ||    98
       Olgreb's Toxic Ra |       |       |    29 |   135 |    72 |       ||   236
       Iskenderun's Myst |       |       |     2 |    69 |    31 |     8 ||   110
       Ozocubu's Refrige |       |       |       |    26 |   376 |    78 ||   480
       Freezing Cloud    |       |       |       |       |     6 |       ||     6
Evoke: Wand              |       |       |       |     7 |     7 |     5 ||    19
       Lightning rod     |       |       |       |       |     3 |       ||     3
  Use: Scroll            |       |       |    11 |    11 |    10 |     2 ||    34
       Potion            |       |       |       |     2 |       |     1 ||     3
 Stab: Sleeping          |       |       |       |       |     1 |       ||     1
Armor: Robe              |     1 |     7 |    12 |    17 |    38 |     4 ||    79
Dodge: Dodged            |     5 |    27 |    51 |   163 |   178 |    27 ||   451

Levels and vault maps discovered:
D:1:      beargit_arrival_greenhouse, layout_basic, minivault_14
D:2:      layout_rooms, basic_altar
D:3:      layout_basic, uniq_jessica
D:4:      layout_loops_ring, mainiacjoe_overflow_catwalk,
          kennysheep_flooded_box, minmay_misc_feat_diagonals, uniq_menkaure
D:5:      layout_cave_pools, serial_rivers, chequers_serial_rivers_micro_e,
          chequers_serial_rivers_micro_b, chequers_serial_rivers_micro_d,
          chequers_serial_rivers_micro_d, chequers_serial_rivers_room_a,
          nicolae_shop_gadgets, uniq_eustachio
D:6:      wad_woods_tower, layout_loops_ring, old_standard_altar,
          minmay_temple_entry_offerings
D:7:      layout_loops_ring, old_standard_altar,
          gammafunk_temple_overflow_elements, chequers_ossuary_entry_cave,
          kennysheep_potato, uniq_prince_ribbit1, uniq_duvessa
D:8:      layout_layer_cave, minmay_lair_entry_lava
D:9:      layout_roguey, good_gods_mini_temple, lemuel_coloured_pillars_altar,
          hiddenorc2_lemuel
D:10:     minmay_bloctagon, layout_irregular_city, minivault_15, minivault_11,
          uniq_snorg, uniq_grum
D:11:     layout_big_octagon
D:12:     layout_loops_ring, gammafunk_ghost_grave, serial_glass,
          glass_columns_a, glass_columns_c, chequers_decorated_corner,
          minmay_stone_trees_small, st_stairs_14
D:13:     layout_rooms, gammafunk_ghost_hive
D:14:     layout_rooms, skrybe_vaults_entry_preservation, serial_park_square2,
          minmay_misc_feat_square, uniq_josephine
D:15:     gammafunk_enter_depths_forms, layout_long_grid
Lair:1:   statuecave_lemuel, layout_chaotic_city
Lair:2:   layout_hall_layers, spider_nest_entry_web_field, minivault_25,
          chequers_serial_rivers_small_3, beast_lair_carwin_6
Lair:3:   layout_hall_layers, skrybe_swamp_entry_bodies, portal_ice_cave_rime,
          st_stairs_11, nicolae_lair_lil_pond, beast_lair_carwin_9,
          infiniplex_staircase_pool
Lair:4:   cheibrodos_magma_flow, layout_regular_city, st_stairs_3
Lair:5:   hangedman_lair_caniforms_friends, layout_regular_city, wormcave,
          nicolae_slime_entry_slimehenge, enter_volcano_3, nzn_ghost_randoct,
          uniq_rupert
Swamp:1:  layout_basic_swamp, nicolae_swamp_little_tower, swamp_pool4
Swamp:2:  layout_basic_swamp, evilmike_swamp_ruin_house_2, grunt_ruined_hall,
          uniq_jorgrun, uniq_nikola
Swamp:3:  nzn_winding_woodlands_medium [nzn_winding_woodlands_5x5_open_star,
          nzn_winding_woodlands_5x15_sawtooth, nzn_winding_woodlands_5x5_three,
          nzn_winding_woodlands_5x5_default,
          nzn_winding_woodlands_center_garden, nzn_winding_woodlands_5x5_cross,
          nzn_winding_woodlands_5x5_closed_star,
          nzn_winding_woodlands_5x15_pathside_ponds,
          nzn_winding_woodlands_hourglass], layout_basic_swamp,
          hangedman_swamp_ruin_wall, swamp_pool4
Orc:1:    layout_caves, rock_pile
Orc:2:    st_orc_ogre_mass, layout_diamond_mine, serial_shops, shop_fountains

Notes
Turn   | Place    | Note
-------+----------+-------------------------------------------
     0 | D:1      | Jackthecabe the Demigod Conjurer began the quest for the
                  | Orb.
     0 | D:1      | Reached XP level 1. HP: 14/14 MP: 5/5
    91 | D:1      | Reached skill level 2 in Spellcasting
   312 | D:1      | Reached XP level 2. HP: 20/20 MP: 4/7
   319 | D:1      | Learned a level 2 spell: Searing Ray
   697 | D:1      | Reached skill level 4 in Conjurations
  1055 | D:2      | Reached XP level 3. HP: 25/26 MP: 1/9
  1673 | D:2      | Reached skill level 3 in Spellcasting
  1673 | D:2      | Reached XP level 4. HP: 33/33 MP: 7/11
  1717 | D:2      | Learned a level 4 spell: Iskenderun's Mystic Blast
  2319 | D:3      | Identified a +2 robe of the Archmagi
  2319 | D:3      | Noticed Jessica
  2323 | D:3      | Killed Jessica
  2324 | D:3      | Reached skill level 1 in Translocations
  2715 | D:3      | Reached XP level 5. HP: 38/38 MP: 7/12
  3080 | D:4      | Reached skill level 5 in Conjurations
  3183 | D:3      | Reached skill level 2 in Translocations
  3517 | D:4      | Reached XP level 6. HP: 45/45 MP: 8/13
  3591 | D:4      | Reached skill level 3 in Translocations
  3988 | D:4      | Noticed Menkaure
  3995 | D:4      | Killed Menkaure
  3996 | D:4      | Reached skill level 6 in Conjurations
  3996 | D:4      | Reached skill level 4 in Translocations
  3996 | D:4      | Reached XP level 7. HP: 50/50 MP: 4/14
  4537 | D:5      | Entered Level 5 of the Dungeon
  4613 | D:4      | Learned a level 4 spell: Olgreb's Toxic Radiance
  4652 | D:5      | Reached skill level 5 in Translocations
  4652 | D:5      | Reached skill level 1 in Poison Magic
  4823 | D:5      | Noticed Eustachio
  4989 | D:5      | Killed Eustachio
  4990 | D:5      | Reached skill level 2 in Poison Magic
  5169 | D:5      | Found Xoluquul's Gadget Gallery.
  5343 | D:5      | Reached skill level 3 in Poison Magic
  5465 | D:6      | Reached skill level 6 in Translocations
  5465 | D:6      | Reached XP level 8. HP: 29/57 MP: 2/15
  5679 | D:6      | Reached skill level 4 in Poison Magic
  5794 | D:6      | Reached skill level 5 in Poison Magic
  6465 | D:6      | Reached skill level 6 in Poison Magic
  6466 | D:6      | Reached skill level 1 in Fighting
  6551 | D:5      | Reached skill level 2 in Fighting
  6551 | D:5      | Reached skill level 2 in Dodging
  6854 | D:6      | Reached skill level 3 in Dodging
  7193 | D:6      | Found a staircase to the Ecumenical Temple.
  7436 | D:7      | Reached skill level 4 in Dodging
  7464 | D:7      | Found a sand-covered staircase.
  7474 | Ossuary  | Entered an ossuary
  7661 | Ossuary  | Reached XP level 9. HP: 29/67 MP: 5/16
  8133 | D:7      | Reached skill level 5 in Dodging
  8293 | D:7      | Reached skill level 4 in Spellcasting
  8588 | D:7      | Noticed Prince Ribbit
  8594 | D:7      | Killed Prince Ribbit
  8595 | D:7      | Reached skill level 5 in Spellcasting
  8595 | D:7      | Reached skill level 1 in Ice Magic
  8599 | D:7      | Reached skill level 2 in Ice Magic
  8610 | D:7      | Noticed Duvessa
  8650 | D:7      | Killed Duvessa
  8651 | D:7      | Reached skill level 3 in Ice Magic
  8685 | D:7      | Noticed Dowan
  8764 | D:6      | Learned a level 7 spell: Ozocubu's Refrigeration
  8769 | D:7      | Killed Dowan
  9601 | D:8      | Reached skill level 4 in Ice Magic
  9749 | D:8      | Reached skill level 5 in Ice Magic
  9916 | D:8      | Reached XP level 10. HP: 73/73 MP: 14/21
 10094 | D:8      | Found a staircase to the Lair.
 10094 | D:8      | Noticed a fire crab
 10107 | D:8      | Killed a fire crab
 10108 | D:8      | Reached skill level 6 in Ice Magic
 10322 | D:8      | Noticed a two-headed ogre
 10348 | D:8      | Killed a two-headed ogre
 10349 | D:8      | Reached skill level 7 in Ice Magic
 10825 | D:8      | Identified the +0 ring mail of the Gloaming {rF+ Str+4
                  | Stlth-}
 10839 | D:8      | Reached skill level 8 in Ice Magic
 11523 | D:9      | Found a staircase to the Orcish Mines.
 11854 | D:9      | Reached skill level 9 in Ice Magic
 12805 | D:10     | Entered Level 10 of the Dungeon
 12805 | D:10     | Noticed a two-headed ogre
 12811 | D:10     | Killed a two-headed ogre
 12925 | D:10     | Noticed an obsidian statue
 13014 | D:10     | Reached skill level 10 in Ice Magic
 13196 | D:10     | Noticed Snorg
 13597 | D:10     | Reached XP level 11. HP: 79/79 MP: 9/22
 13683 | D:10     | Noticed a two-headed ogre
 13755 | D:10     | Killed a two-headed ogre
 13775 | D:10     | Reached skill level 11 in Ice Magic
 14022 | D:10     | Noticed Grum
 14026 | D:10     | Noticed a tengu warrior
 14037 | D:10     | Killed Grum
 14049 | D:10     | HP: 6/79 [something (24)]
 14054 | D:10     | HP: 4/79 [something (16)]
 14428 | D:10     | Killed a tengu warrior
 14760 | D:10     | Noticed a two-headed ogre
 14767 | D:10     | Killed a two-headed ogre
 14768 | D:10     | Reached skill level 12 in Ice Magic
 14897 | D:10     | Reached skill level 3 in Fighting
 15535 | D:9      | Reached skill level 4 in Fighting
 16046 | D:11     | Noticed a two-headed ogre
 16141 | D:10     | Killed a two-headed ogre
 16142 | D:10     | Reached skill level 5 in Fighting
 16279 | D:10     | Killed Snorg
 16549 | D:11     | Reached skill level 6 in Fighting
 16645 | D:10     | Reached skill level 1 in Evocations
 16775 | D:11     | Identified a scarf of resistance
 16956 | D:11     | Reached skill level 2 in Evocations
 17054 | D:11     | Noticed a two-headed ogre
 17080 | D:11     | Killed a two-headed ogre
 17924 | Lair:1   | Entered Level 1 of the Lair of Beasts
 17937 | Lair:1   | Reached skill level 7 in Conjurations
 18215 | Lair:1   | Reached XP level 12. HP: 96/96 MP: 11/23
 18371 | Lair:1   | Noticed a catoblepas
 18412 | Lair:1   | Killed a catoblepas
 18413 | Lair:1   | Reached skill level 8 in Conjurations
 19538 | Lair:2   | Found a hole to the Spider Nest.
 19698 | Lair:2   | Noticed a seven-headed hydra
 19703 | Lair:2   | Killed a seven-headed hydra
 19894 | Lair:2   | Reached skill level 13 in Ice Magic
 20517 | Lair:2   | Noticed a six-headed hydra
 20538 | Lair:2   | Killed a six-headed hydra
 21429 | Lair:3   | Noticed a five-headed hydra
 21431 | Lair:3   | Killed a five-headed hydra
 21432 | Lair:3   | Reached skill level 6 in Spellcasting
 21485 | Lair:3   | Found a frozen archway.
 21697 | IceCv    | Entered an ice cave
 21841 | Lair:3   | Reached skill level 14 in Ice Magic
 22040 | Lair:3   | Learned a level 5 spell: Freezing Cloud
 22368 | Lair:3   | Reached skill level 7 in Fighting
 22758 | Lair:3   | Reached XP level 13. HP: 107/107 MP: 7/26
 22869 | Lair:3   | Reached skill level 8 in Fighting
 22895 | Lair:3   | Reached skill level 1 in Armour
 23040 | Lair:3   | Reached skill level 2 in Armour
 23314 | Lair:3   | Reached skill level 3 in Armour
 23662 | Lair:3   | Reached skill level 4 in Armour
 24309 | Lair:3   | Found a staircase to the Swamp.
 24451 | Lair:4   | Reached skill level 5 in Armour
 24991 | Lair:4   | Reached skill level 6 in Armour
 25569 | Lair:4   | Reached skill level 7 in Armour
 26093 | Lair:5   | Entered Level 5 of the Lair of Beasts
 26261 | Lair:5   | Found a transporter.
 26280 | Lair:5   | Noticed Rupert
 26297 | Lair:5   | Killed Rupert
 26314 | Lair:5   | Found a dark tunnel.
 26442 | Volcano  | Entered a volcano
 26550 | Volcano  | Reached skill level 8 in Armour
 27688 | Lair:5   | Reached skill level 9 in Armour
 27962 | Lair:5   | Found a transporter.
 27965 | Lair:5   | Noticed CowFu's ghost (journeyman TeFi)
 28283 | Lair:5   | Found a staircase to the Slime Pits.
 28644 | Lair:5   | Found a runed translucent door.
 28888 | Lair:5   | Reached skill level 10 in Armour
 29611 | Lair:5   | Reached XP level 14. HP: 108/115 MP: 5/28
 30045 | Lair:5   | Reached skill level 7 in Spellcasting
 30871 | Lair:5   | Reached skill level 8 in Spellcasting
 32302 | Orc:1    | Entered Level 1 of the Orcish Mines
 33025 | Orc:2    | Entered Level 2 of the Orcish Mines
 33025 | Orc:2    | Found Uriruegh's Antique Armour Boutique.
 33030 | Orc:2    | Reached skill level 15 in Ice Magic
 33366 | Orc:2    | Found a staircase to the Elven Halls.
 34767 | Orc:2    | Reached skill level 16 in Ice Magic
 35230 | Orc:2    | Found Etatuot's Weapon Boutique.
 35230 | Orc:2    | Found Heorph's Weapon Shoppe.
 35232 | Orc:2    | Found Susuwuedd's Armour Emporium.
 35232 | Orc:2    | Found Iguafag's Armour Boutique.
 36136 | D:12     | Reached skill level 6 in Dodging
 36337 | D:12     | Found a runed translucent door.
 36337 | D:12     | Noticed whiskeysaurus's ghost (journeyman DrFE)
 37215 | D:12     | You fall into a shaft and drop 1 floor!
 37342 | D:13     | Reached skill level 7 in Dodging
 37986 | D:13     | Found a transporter.
 37988 | D:13     | Found a transporter.
 38004 | D:13     | Noticed jejorda2's ghost (journeyman MfBe)
 38096 | D:13     | Reached XP level 15. HP: 121/121 MP: 23/31
 38680 | D:14     | Identified the +1 ring mail of the Tanner {Harm *Corrode
                  | Int+3}
 38694 | D:14     | Reached skill level 8 in Dodging
 39016 | D:14     | Noticed Josephine
 39019 | D:14     | Killed Josephine
 39281 | D:14     | Found a gate to the Vaults.
 39316 | D:14     | Reached skill level 9 in Dodging
 40337 | D:15     | Entered Level 15 of the Dungeon
 40981 | D:15     | Reached skill level 10 in Dodging
 40982 | D:15     | Reached skill level 1 in Shields
 41323 | D:15     | Reached skill level 2 in Shields
 41847 | D:15     | Reached skill level 3 in Shields
 42030 | D:15     | Reached skill level 4 in Shields
 42764 | D:15     | Reached skill level 5 in Shields
 42829 | D:15     | Found a staircase to the Depths.
 43147 | Lair:3   | Upgraded the game from 0.30-a0-534-gdc55766716 to
                  | 0.30-a0-557-ge2afbf3030
 43151 | Lair:3   | Learned a level 3 spell: Swiftness
 43429 | Swamp:1  | Entered Level 1 of the Swamp
 43494 | Swamp:1  | Reached skill level 3 in Evocations
 43969 | Swamp:1  | Reached skill level 4 in Evocations
 44166 | Swamp:1  | Identified a potion of resistance
 44660 | Swamp:1  | Reached skill level 9 in Fighting
 45375 | Swamp:2  | Noticed Nikola
 45381 | Swamp:2  | Killed Nikola
 45699 | Swamp:2  | Noticed Jorgrun
 45702 | Swamp:2  | Reached skill level 10 in Fighting
 45836 | Swamp:2  | Killed Jorgrun
 46082 | Swamp:2  | Reached XP level 16. HP: 136/136 MP: 13/32
 46527 | Swamp:2  | Reached skill level 11 in Fighting
 48043 | Swamp:2  | Identified the +5 falchion of Ovvuek {freeze, MP+9}
 48070 | Swamp:2  | You fall into a shaft and drop 1 floor!
 48224 | Swamp:3  | Reached skill level 12 in Fighting
 49405 | Swamp:3  | Slain by a spriggan berserker

Vanquished Creatures
  Nikola (Swamp:2)
  Rupert (Lair:5)
  Jorgrun (Swamp:2)
  A thorn hunter (Swamp:3)
  A very ugly thing (D:15)
  An ironbound preserver (D:14)
  An eleionoma (Swamp:2)
  2 bunyips (Swamp:2)
  Snorg (D:10)
  Josephine (D:14)
  A shambling mangrove (Swamp:3)
  2 rakshasas (D:15)
  2 catoblepae
  5 ogre magi
  2 ghost crabs
  13 hydras
  8 centaur warriors
  5 boulder beetles
  7 alligators
  20 two-headed ogres
  5 tengu warriors
  A hell knight (Volcano)
  11 spriggans
  A skeletal warrior (D:15)
  A fire crab (D:8)
  A death drake (Swamp:1)
  5 goliath frogs
  7 spriggan druids
  3 orc knights
  5 swamp dragons
  A lindwurm (Lair:5)
  8 bog bodies
  A wolf spider (D:15)
  4 orc sorcerers
  9 ugly things
  3 will-o-the-wisps
  4 manticores
  5 cyclopes
  8 elephants
  4 black mambas
  2 gargoyles
  5 torpor snails
  13 cane toads
  4 molten gargoyles
  2 kobold demonologists
  4 rime drakes
  An unseen horror (shapeshifter) (D:15)
  A freezing wraith (D:14)
  A yaktaur (Volcano)
  An efreet (D:14)
  2 tengu conjurers
  11 komodo dragons
  A meliai (D:14)
  Prince Ribbit (D:7)
  10 trolls
  10 polar bears (Lair:5)
  2 bloated husks
  13 tyrant leeches
  19 hornets
  2 blink frogs (Lair:3)
  4 dream sheep (Lair:3)
  20 slime creatures
  9 wyverns
  A shadow (D:11)
  2 fire bats (Volcano)
  7 wraiths
  Eustachio (D:5)
  48 yaks
  7 basilisks
  8 vampire mosquitoes
  A steam dragon (D:8)
  Grum (D:10)
  7 wargs
  Menkaure (D:4)
  13 swamp worms
  17 hell hounds (Lair:5)
  4 acid dragons
  Duvessa (D:7)
  10 water moccasins
  A floating eye (shapeshifter) (D:15)
  A sky beast (D:6)
  14 black bears
  9 orc warriors
  A swamp drake (Swamp:2)
  An ice beast (D:5)
  38 ogres
  20 wolves
  10 centaurs
  7 kobold brigands
  2 phantoms
  15 bullfrogs
  4 scorpions
  3 necrophages
  A hornet simulacrum (D:11)
  7 wights
  Dowan (D:7)
  16 killer bees
  14 howler monkeys
  5 electric eels
  5 jellies
  11 lava snakes
  4 hounds
  A gnoll bouda (Orc:2)
  18 orc priests
  Jessica (D:3)
  4 iguanas
  19 orc wizards
  2 shapeshifter simulacra (IceCv)
  A mummy (Ossuary)
  3 adders
  17 gnolls
  4 river rats (D:6)
  3 white imps
  An ufetubus (D:7)
  A dart slug (D:1)
  69 orcs
  8 ball pythons
  8 endoplasms
  2 giant cockroaches
  5 hobgoblins
  9 jackals
  7 quokkas
  5 bats
  3 frilled lizards
  7 gnoll skeletons (Ossuary)
  9 goblins
  22 kobolds
  3 kobold skeletons (Ossuary)
  15 orc skeletons (Ossuary)
  3 rats
  A bush (Lair:3)
871 creatures vanquished.

Vanquished Creatures (others)
  2 bushes (D:14)
  2 foxfires (Swamp:3)
  45 fungi
  150 plants
199 creatures vanquished.

Grand Total: 1070 creatures vanquished

Table legend: (Time is in decaauts)
 A = Elapsed time spent in this place.
 B = Non-inter-level travel time spent in this place.
 C = Inter-level travel time spent in this place.
 D = Time resting spent in this place.
 E = Time spent auto-exploring this place.
 F = Levels seen in this place.
 G = Mean time per level.
                   A        B        C        D        E       F      G
               +--------+--------+--------+--------+--------+-----+--------+
         Total |  49686 |  47521 |   2165 |  15277 |  26010 |  28 | 1774.5 |
       Dungeon |  24853 |  23863 |    990 |   6819 |  13867 |  15 | 1656.9 |
          Lair |  13900 |  13192 |    708 |   3845 |   7637 |   5 | 2780.0 |
         Swamp |   5673 |   5276 |    397 |   2540 |   2192 |   3 | 1891.0 |
  Orcish Mines |   3497 |   3428 |     69 |   1502 |   1599 |   2 | 1748.5 |
       Ossuary |    604 |    604 |      0 |    219 |    287 |   1 |  604.0 |
      Ice Cave |     90 |     90 |      0 |     75 |      0 |   1 |   90.0 |
       Volcano |   1065 |   1065 |      0 |    277 |    427 |   1 | 1065.0 |
               +--------+--------+--------+--------+--------+-----+--------+

Top non-repeatable levels by time:
  Lair:5: 4863 daAuts
  Lair:3: 3366 daAuts
     D:9: 3062 daAuts
    D:10: 3027 daAuts
    D:14: 2629 daAuts
 Swamp:2: 2404 daAuts
 Swamp:1: 2261 daAuts
  Lair:4: 2026 daAuts
  Lair:2: 1983 daAuts
   Orc:1: 1940 daAuts
     D:6: 1907 daAuts
     D:8: 1856 daAuts
  Lair:1: 1659 daAuts
    D:15: 1630 daAuts
   Orc:2: 1557 daAuts

Table legend:
 A = Non-vault XP
 B = Vault XP
 C = Vault XP percentage of total XP
 D = Non-vault monster count
 E = Vault monster count
 F = Vault count percentage of total count
                 A         B        C        D         E       F
            +---------+---------+-------+---------+---------+-------
      Total |  123924 |   85932 |  40.9 |     560 |     310 |  35.6
            +---------+---------+-------+---------+---------+-------
        D:1 |      35 |       0 |   0.0 |      20 |       0 |   0.0
        D:2 |      94 |       0 |   0.0 |      25 |       0 |   0.0
        D:3 |     119 |      37 |  23.7 |      19 |       1 |   5.0
        D:4 |     479 |     172 |  26.4 |      24 |       1 |   4.0
        D:5 |     629 |     197 |  23.8 |      11 |       1 |   8.3
        D:6 |    1325 |      80 |   5.7 |      33 |       6 |  15.4
        D:7 |    1091 |     600 |  35.5 |      18 |       4 |  18.2
        D:8 |    3455 |     765 |  18.1 |      21 |       1 |   4.5
        D:9 |    1961 |     384 |  16.4 |      25 |      32 |  56.1
       D:10 |    4493 |    6078 |  57.5 |      31 |      20 |  39.2
       D:11 |    2707 |       0 |   0.0 |      21 |       0 |   0.0
       D:12 |    3305 |     312 |   8.6 |      15 |       1 |   6.2
       D:13 |    6209 |       0 |   0.0 |      16 |       0 |   0.0
       D:14 |    7226 |    6005 |  45.4 |      15 |      12 |  44.4
       D:15 |   11593 |    4810 |  29.3 |      26 |       8 |  23.5
     Lair:1 |    3834 |       0 |   0.0 |      17 |       0 |   0.0
     Lair:2 |    3882 |    2821 |  42.1 |      14 |       9 |  39.1
     Lair:3 |   12273 |    4806 |  28.1 |      44 |      14 |  24.1
     Lair:4 |    4410 |    1827 |  29.3 |      12 |      10 |  45.5
     Lair:5 |    8764 |   17819 |  67.0 |      24 |      79 |  76.7
    Swamp:1 |   17469 |       0 |   0.0 |      35 |       0 |   0.0
    Swamp:2 |   14109 |   13159 |  48.3 |      32 |      15 |  31.9
    Swamp:3 |    7424 |    4495 |  37.7 |      14 |       5 |  26.3
      Orc:1 |    3629 |     829 |  18.6 |      16 |       3 |  15.8
      Orc:2 |    3409 |   16498 |  82.9 |      32 |      43 |  57.3
    Ossuary |       0 |     246 | 100.0 |       0 |      27 | 100.0
      IceCv |       0 |      65 | 100.0 |       0 |       2 | 100.0
    Volcano |       0 |    3927 | 100.0 |       0 |      16 | 100.0
            +---------+---------+-------+---------+---------+-------
